 Dungeon Crawl Stone Soup version 0.29.1-15-g9cfb28693d (webtiles) character file.

Game seed: 7317524299651054096

161 KittyFluff the Cudgeller (level 5, -2/33 HPs)
             Began as a Gargoyle Berserker on Apr 9, 2023.
             Was a Believer of Trog.
             Slain by a bullfrog (5 damage)
             ... in a sewer.
             The game lasted 00:11:20 (3350 turns).

KittyFluff the Cudgeller (Gargoyle Berserker)       Turns: 3350, Time: 00:11:20

Health: -2/33      AC: 14    Str: 24    XL:     5   Next: 42%
Magic:  5/5        EV: 12    Int:  7    God:    Trog [**....]
Gold:   120        SH:  0    Dex: 11    Spells: 4/4 levels left

rFire   . . .      SeeInvis .   a - +0 mace (venom)
rCold   . . .      Faith    .   (no shield)
rNeg    + . .      Spirit   .   d - +0 leather armour
rPois   ∞          Reflect  .   (no helmet)
rElec   +          Harm     .   g - +0 cloak
rCorr   .          Rampage  .   c - +1 pair of gloves {Str+3}
Will    .....                   (no boots)
Stlth   +.........              (no amulet)
HPRegen 0.11/turn               k - +4 ring of protection
MPRegen 0.09/turn               (no ring)

@: very slow
A: sickness immunity, AC +4, negative energy resistance 1, electricity
resistance, torment resistance 1, petrification resistance
a: Renounce Religion, Berserk, Trog's Hand


You were in a sewer.
You worshipped Trog.
Trog was pleased with you.
You visited 1 branch of the dungeon, and saw 3 of its levels.
You also visited: Sewer.

You collected 120 gold pieces.

Inventory:

Hand Weapons
 a - a +0 mace of venom (weapon)
Missiles
 f - 16 stones (quivered)
 i - 2 throwing nets
Armour
 c - a +1 pair of gloves of strength (worn)
 d - a +0 leather armour (worn)
 g - a +0 cloak (worn)
Jewellery
 k - a +4 ring of protection (left hand)
Potions
 e - 4 potions of curing
 l - a potion of lignification
 m - a potion of ambrosia
 n - a potion of magic {unknown}


   Skills:
 + Level 4.0 Fighting
 + Level 4.7 Maces & Flails
 * Level 3.0 Armour
 + Level 2.2 Dodging
 + Level 0.1 Stealth


You had 4 spell levels left.
You didn't know any spells.
Your spell library was empty.

Dungeon Overview and Level Annotations

Branches:
Dungeon (3/15)              Sewer (1/1)

Altars:
Makhleb


Innate Abilities, Weirdness & Mutations

You are immune to sickness and miasma.
Your stone body is resilient. (AC +4)
You are immune to poison.
You resist negative energy. (rN+)
You are resistant to electric shocks. (rElec)
You are resistant to unholy torment.
You are immune to petrification.


Message History

The adder closely misses you.
You thump the ball python!
You kill the ball python!
Trog accepts your kill. The bullfrog hits you.
* * * LOW HITPOINT WARNING * * *
The bullfrog closely misses you. The adder bites you but does no damage.
The adder barely misses you.
The bullfrog hits you but does no damage.
The frilled lizard closely misses you.
The bullfrog hits you but does no damage.
You enter the shallow water.
Moving in this stuff is going to be slow.
The adder closely misses you. The adder bites you but does no damage.
The bullfrog completely misses you. The adder bites you but does no damage.
The adder bites you.
* * * LOW HITPOINT WARNING * * *
Why would you want to do that? Why would you want to do that?
Unknown command.
Why would you want to do that?
You closely miss the adder.
The adder is moderately wounded.
The bullfrog hits you but does no damage.
The bullfrog snags a nearby fly with its tongue.
The bullfrog hits you but does no damage.
The adder closely misses you. The adder bites you but does no damage.
The bullfrog barely misses you. The bullfrog completely misses you.
You aren't carrying any scrolls.
You closely miss the bullfrog.
The bullfrog is severely wounded.
The adder bites you but does no damage.
The bullfrog hits you but does no damage.
The bullfrog barely misses you. The adder misses you.
The bullfrog hits you but does no damage.
The adder barely misses you. The adder closely misses you.
The bullfrog barely misses you.
Your unstable footing causes you to fumble your attack.
The bullfrog hits you.
You die...

####################
l.~~≈≈lF@§§~≈≈≈~~..###
#SFS§≈≈≈≈≈~....##
..~≈~~J#l§#~~~~~~.....#
..#~~~~§§§~≈≈~~~~.....#
..≈≈~≈~≈≈≈≈≈~~~≈≈.....##
..~~≈≈≈≈≈≈≈≈≈≈≈≈~......#
###################....#
####...## #..#....#


You could see 2 bullfrogs, 2 adders, an endoplasm and 2 frilled lizards.

Vanquished Creatures
  4 gnolls (D:2)
  4 river rats (Sewer)
  An adder (Sewer)
  A dart slug (D:1)
  4 bats
  8 endoplasms
  A giant cockroach (D:3)
  3 goblins
  3 hobgoblins (D:1)
  3 jackals (D:2)
  3 kobolds
  4 quokkas
  12 ball pythons
  4 frilled lizards
  25 rats
80 creatures vanquished.

Notes
Turn   | Place    | Note
-------+----------+-------------------------------------------
     0 | D:1      | KittyFluff the Gargoyle Berserker began the quest for the
                  | Orb.
     0 | D:1      | Reached XP level 1. HP: 14/14 MP: 1/1
   329 | D:1      | Reached XP level 2. HP: 19/19 MP: 2/2
   608 | D:1      | Noticed a floating eye
   669 | D:1      | Noticed a floating eye
   670 | D:1      | Found a faded altar of an unknown god.
   677 | D:1      | Noticed an eye of devastation
   681 | D:1      | Noticed a golden eye
   891 | D:1      | Reached XP level 3. HP: 12/24 MP: 3/3
  1198 | D:2      | HP: 1/36 [gnoll/+0 flail (6)]
  1204 | D:2      | Reached XP level 4. HP: 1/29 MP: 4/4
  1874 | D:2      | Found a burning altar of Makhleb.
  2452 | D:3      | Found a glowing drain.
  2456 | Sewer    | Entered a sewer
  2488 | Sewer    | Reached ** piety under Trog
  2976 | Sewer    | Reached XP level 5. HP: 22/33 MP: 5/5
  3350 | Sewer    | Slain by a bullfrog

Illustrated notes

Levels and vault maps discovered:
D:1:      dpeg_arrival_tiny_b, layout_loops_ring,
          hellmonk_ecumenical_altar_watching_god, minmay_pentomino_r4
D:2:      layout_basic, basic_altar
D:3:      layout_basic, gammafunk_ghost_nasty_kobolds, gup_sewer_entry_bowl,
          grunt_ministairs_6, wad_orctagon, uniq_ijyb, uniq_terence
Sewer:    sewer_minmay_w

Skill      XL: |  1  2  3  4  5 |
---------------+----------------+-----
Maces & Flails | 4 |  4.7
Dodging        | 2 |  2.2
Fighting       | 4 |  4.0
Armour         | 3 |  3.0
Stealth        | |  0.1

Action                   |  1- 3 |  4- 6 || total
-------------------------+-------+-------++-------
Melee: Mace              |    82 |   183 ||   265
       Punch             |     1 |       ||     1
Invok: Berserk           |     1 |       ||     1
  Use: Scroll            |       |     6 ||     6
 Stab: Sleeping          |       |     1 ||     1
Armor: Animal skin       |     5 |       ||     5
       Leather armour    |    14 |   151 ||   165
Dodge: Dodged            |    61 |   201 ||   262
